 Dungeon Crawl Stone Soup version 0.24.0-13-gcf9b319 (webtiles) character file.

Game seed: 12051119482089261291, levelgen mode: deterministic

6785 Fang the Fighter (level 11, -10/72 HPs)
             Began as a Gargoyle Berserker on Nov 21, 2019.
             Was a High Priest of Trog.
             Killed by divine providence
             ... invoked by an orc priest
              (12 damage)
             ... on level 10 of the Dungeon.
             The game lasted 00:10:17 (9163 turns).

Fang the Fighter (Gargoyle Berserker)               Turns: 9163, Time: 00:10:17

Health: -10/72     AC: 27    Str: 24    XL:     11   Next: 5%
Magic:  11/11      EV: 10    Int:  8    God:    Trog [*****.]
Gold:   484        SH:  0    Dex:  9    Spells: 10/10 levels left

rFire    . . .     SeeInvis .   A - +1 hand axe (flame)
rCold    + . .     Gourm    .   (no shield)
rNeg     + . .     Faith    .   b - +2 plate armour {rC+}
rPois    ∞         Spirit   .   x - +2 helmet
rElec    +         Reflect  .   (no cloak)
rCorr    +         Harm     .   (no gloves)
MR       .....                  (no boots)
Stlth    ..........             (no amulet)
HPRegen  0.22/turn              M - ring of resist corrosion
MPRegen  0.12/turn              (no ring)

@: about to teleport, berserk cooldown, slowed, very slow
A: negative energy resistance 1, electricity resistance, unbreathing,
petrification resistance, rot immunity, AC +8
a: Berserk, Trog's Hand, Brothers in Arms, Renounce Religion


You were on level 10 of the Dungeon.
You worshipped Trog.
Trog was extremely pleased with you.
You were very hungry.

You visited 2 branches of the dungeon, and saw 11 of its levels.
You also visited: Sewer.

You collected 484 gold pieces.

Inventory:

Hand Weapons
 a - a +0 hand axe
 A - a +1 hand axe of flaming (weapon)
Armour
 b - a +2 plate armour of cold resistance (worn)
 x - a +2 helmet (worn)
Jewellery
 q - a +3 ring of dexterity
 I - an uncursed ring of stealth {unknown}
 M - a ring of resist corrosion (left hand)
Wands
 d - a wand of polymorph (12)
 w - a wand of iceblast (8)
 C - a wand of paralysis (12)
 D - a wand of random effects (21)
 G - a wand of flame (8)
 H - a wand of scattershot (3)
 L - a wand of acid (6)
Scrolls
 g - 14 scrolls of identify
 h - 3 scrolls of teleportation
 k - 4 scrolls of remove curse
 m - 3 scrolls of blinking {unknown}
 r - 2 scrolls of magic mapping {unknown}
 t - 4 scrolls of fear {unknown}
 v - 3 scrolls of random uselessness {unknown}
 y - 2 scrolls of enchant armour {unknown}
 z - 2 scrolls of vulnerability {unknown}
 F - a scroll of enchant weapon {unknown}
 J - a scroll of summoning {unknown}
 K - a scroll of silence {unknown}
 N - a scroll of acquirement {unknown}
 O - a scroll of holy word {unknown}
Potions
 e - 2 potions of degeneration
 f - 2 potions of might {unknown}
 i - a potion of cancellation {unknown}
 j - 8 potions of flight {unknown}
 l - a potion of berserk rage {unknown}
 n - 4 potions of heal wounds {unknown}
 o - 2 potions of invisibility
 p - 2 potions of haste {unknown}
 s - a potion of magic {unknown}
 u - 3 potions of agility {unknown}
 B - 2 potions of brilliance {unknown}
 E - a potion of resistance {unknown}
Comestibles
 c - 16 rations


   Skills:
 + Level 9.7 Fighting
 + Level 8.1 Axes
 + Level 9.3 Armour
 + Level 7.1 Dodging


You had 10 spell levels left.
You didn't know any spells.
Your spell library was empty.

Dungeon Overview and Level Annotations

Branches:
Dungeon (10/15)            Temple (1/1) D:4           Sewer (visited)
   Lair: D:8-11         Orc: D:9-12

Altars:
Ashenzari
Dithmenos
Nemelex Xobeh
Okawaru
Qazlal
Wu Jian
The Shining One

Shops:
D:7 !


Innate Abilities, Weirdness & Mutations

You are resistant to torment.
Your stone body is resilient. (AC +8)
You are immune to poison.
You resist negative energy. (rN+)
You are resistant to electric shocks. (rElec)
You can survive without breathing.
You are immune to petrification.
You are immune to rotting.


Message History

You closely miss the electric eel.
The electric eel is almost dead.
The electric eel shoots out a bolt of lightning at you!
The bolt of electricity hits you but does no damage.
The electric eel shoots out a bolt of lightning at you!
The bolt of electricity hits you. You resist.
* * * LOW HITPOINT WARNING * * *
An orc comes into view. It is wielding a +0 whip.
The orc priest shouts loudly, in orcish tradition.
As you read the scroll of teleportation, it crumbles to dust.
You feel strangely unstable.
The orc shouts!
The orc wizard gestures wildly while chanting.
The orc wizard blinks!
The orc priest invokes the aid of Beogh against you.
Beogh smites you!
* * * LOW HITPOINT WARNING * * *
The orc priest mumbles some strange prayers to Beogh against you.
Beogh smites you!
You die...

≈≈≈8....# ...#
≈≈8≈....##...# #
+.≈≈....##...# .o
#o≈≈....##...#
..##≈≈....##...#
.......o.##...# .#
##≈≈.........# .#
#.≈;.))......# .#
+o≈≈@§).##...# .#
≈≈≈≈≈8≈....##...####.#
≈≈≈≈≈≈8....##........#
...........##........#
.....#.#...##..####..#
......#.....##..# #..#
#.....###...##..# #..#
#.....# #...##..# #).#
#.....# #...##..# #..#


You could see an electric eel, 2 orc priests, an orc wizard and an orc.

Vanquished Creatures
  Pikel (D:7)
  An ugly thing (D:9)
  Joseph (D:7)
  A gargoyle (D:10)
  4 hippogriffs
  Sigmund (D:4)
  A spriggan (D:8)
  Menkaure (D:4)
  Edmund (D:5)
  A water moccasin (D:8)
  7 sky beasts
  4 orc warriors
  2 slaves (D:7)
  3 ice beasts
  A phantom (D:7)
  2 ogres
  2 centaurs
  A crocodile (D:10)
  6 bullfrogs
  2 scorpions
  2 electric eels (D:10)
  A howler monkey (D:6)
  2 crimson imps (D:6)
  2 bullfrog zombies
  A centaur zombie (D:7)
  3 jellies
  Crazy Yiuf (D:5)
  5 hounds
  5 orc priests
  10 orc wizards
  4 bullfrog skeletons
  Natasha (thrice) (D:4)
  3 iguanas
  12 worker ants
  A hound zombie (D:7)
  2 hound skeletons
  11 adders
  A shadow imp (D:9)
  An adder skeleton (D:4)
  7 worms
  2 dart slugs
  7 leopard geckos
  31 orcs
  3 ball pythons (Sewer)
  12 bats
  7 giant cockroaches
  8 hobgoblins
  14 jackals
  2 quokkas
  6 frilled lizards
  11 goblins
  6 kobolds
  A leopard gecko skeleton (D:7)
  A quokka skeleton (D:10)
  7 rats
238 creatures vanquished.

Vanquished Creatures (others)
  A slave (D:7)
1 creature vanquished.

Grand Total: 239 creatures vanquished

Notes
Turn   | Place    | Note
-------+----------+-------------------------------------------
     0 | D:1      | Fang the Gargoyle Berserker began the quest for the Orb.
     0 | D:1      | Reached XP level 1. HP: 14/14 MP: 1/1
   171 | D:1      | Reached XP level 2. HP: 17/19 MP: 2/2
   530 | D:1      | Reached XP level 3. HP: 23/23 MP: 3/3
   966 | D:2      | Reached ** piety under Trog
  1022 | D:2      | Found a sparkling altar of Nemelex Xobeh.
  1071 | D:2      | Reached XP level 4. HP: 20/29 MP: 4/4
  2001 | D:3      | Found a glowing drain.
  2042 | Sewer    | Entered a sewer
  2230 | Sewer    | Reached XP level 5. HP: 33/33 MP: 5/5
  2674 | D:3      | Reached *** piety under Trog
  2984 | D:4      | Noticed Menkaure
  2992 | D:4      | Killed Menkaure
  2992 | D:4      | Reached XP level 6. HP: 36/39 MP: 6/6
  3093 | D:4      | Noticed Sigmund
  3105 | D:4      | Killed Sigmund
  3105 | D:4      | Reached skill level 5 in Fighting
  3159 | D:4      | Reached XP level 7. HP: 28/44 MP: 7/7
  3557 | D:4      | Found a staircase to the Ecumenical Temple.
  3565 | D:4      | Noticed Natasha
  3575 | D:4      | Killed Natasha
  3592 | Temple   | Entered the Ecumenical Temple
  3624 | D:4      | Noticed Natasha
  3668 | D:4      | Killed Natasha
  3761 | D:4      | Noticed Natasha
  3772 | D:4      | Killed Natasha
  4215 | D:5      | Entered Level 5 of the Dungeon
  4217 | D:5      | Noticed Edmund
  4228 | D:5      | Killed Edmund
  4228 | D:5      | Reached skill level 5 in Armour
  4258 | D:5      | Reached XP level 8. HP: 47/51 MP: 8/8
  4452 | D:5      | Reached skill level 5 in Axes
  4665 | D:5      | Found a runed translucent door.
  4666 | D:5      | Noticed Crazy Yiuf
  5068 | D:5      | Killed Crazy Yiuf
  5208 | D:6      | Reached **** piety under Trog
  5621 | D:6      | Reached XP level 9. HP: 56/56 MP: 9/9
  5736 | D:7      | Found Tazxoeqoi's Distillery.
  5811 | D:7      | Noticed Joseph
  5839 | D:7      | Killed Joseph
  5839 | D:7      | Reached skill level 5 in Dodging
  5959 | D:7      | Noticed Pikel
  5975 | D:7      | Killed Pikel
  6279 | D:7      | Found a sand-covered staircase.
  6591 | D:7      | Reached XP level 10. HP: 64/64 MP: 10/10
  7034 | D:8      | Found a shattered altar of Ashenzari.
  7062 | D:8      | Found an iron altar of Okawaru.
  7094 | D:8      | Reached ***** piety under Trog
  7989 | D:9      | Noticed a green ugly thing
  8001 | D:9      | Killed a green ugly thing
  8001 | D:9      | Received a gift from Trog
  8263 | D:9      | Found a stormy altar of Qazlal.
  8694 | D:10     | Entered Level 10 of the Dungeon
  8858 | D:10     | Noticed a gargoyle
  8865 | D:10     | Killed a gargoyle
  8865 | D:10     | Reached XP level 11. HP: 58/71 MP: 11/11
  9163 | D:10     | HP: 2/72 [orc priest/divine providence (9)]
  9163 | D:10     | Killed from afar by an orc priest

Levels and vault maps discovered:
D:1:      dpeg_arrival_shelter, layout_rooms, serial_rivers,
          chequers_serial_rivers_micro_e, chequers_serial_rivers_small_3,
          chequers_serial_rivers_marsh, chequers_serial_rivers_marsh,
          chequers_serial_rivers_small_b, nrook_mini_backslash
D:2:      layout_loops_ring, first_ration, chequers_serial_rivers_small_b,
          dk_noncrumbling_4, nemelex_lonely_heart_becter
D:3:      layout_loops_ring, cheibrodos_sewer_entry_drain
D:4:      layout_loops_ring, minmay_temple_entry_waves, uniq_natasha,
          uniq_sigmund, uniq_menkaure
D:5:      layout_loops_ring, minmay_misc_feat_four_crosses, dk_rats_in_the_wall,
          uniq_crazy_yiuf_cottage, uniq_edmund
D:6:      layout_rooms, kennysheep_generic_room_14
D:7:      layout_basic, serial_shops, shop, nicolae_ossuary_entry_monument,
          minmay_misc_feat_pillars, uniq_pikel, uniq_joseph
D:8:      layout_gridville, ashenzari_conservatory_becter, the_bakery,
          okawaru_trees_1
D:9:      layout_roguey, basic_altar, serial_bayou_crossing
D:10:     layout_long_grid, david_lair_shrubbed, erik_orc_2,
          ebering_ghost_disaster_area
Temple:   nicolae_temple_the_god_donut

Skill      XL: |  1  2  3  4  5  6  7  8  9 10 |
---------------+-------------------------------+-----
Axes           | 3 4 5 6 8 |  8.1
Dodging        | 2 3 4 5 7 |  7.1
Armour         | 3 4 5 6 7 9 |  9.3
Fighting       | 4 5 6 8 9 |  9.7

Action                   |  1- 3 |  4- 6 |  7- 9 | 10-12 || total
-------------------------+-------+-------+-------+-------++-------
Melee: Hand axe          |   118 |   202 |   440 |   333 ||  1093
Invok: Berserk           |       |     4 |     8 |     5 ||    17
       Trog's Hand       |       |     1 |       |       ||     1
  Use: Scroll            |       |       |       |     4 ||     4
 Stab: Sleeping          |     1 |     1 |       |       ||     2
  Eat: Chunk             |     1 |    10 |    21 |    12 ||    44
Armor: Animal skin       |    49 |    42 |       |       ||    91
       Plate armour      |       |    57 |   439 |   264 ||   760
Dodge: Dodged            |    87 |   121 |   241 |   144 ||   593
